details: 'bm gimmicks'

« prev index next »

General information

Mini Map

Players

team 1
HumanMina_TheOne (yellow | 59 APM | 1314 actions | 22:09)
Hero icon 3 Blood Mage
Ability icon 1 Flame Strike
Ability icon 1 Banish
Ability icon 1 Siphon Mana
Hero icon 1 Paladin
Ability icon 1 Holy Light
Hero icon 1 Archmage
Ability icon 1 Summon Water Elemental

» actions
Assign group hotkey6
Basic commands42
Build / train67
ESC pressed1
Enter build submenu40
Enter hero's abilities submenu5
Give item / drop item2
Remove unit from queue1
Right click482
Select / deselect549
Select group hotkey7
Use ability112
1314 total
» units
Peasant10
Footman7
Rifleman5
Goblin Shredder1
Priest1
Siege Engine2
26 total
» upgrades
Backpack1
Swords1
Masonry2
Gunpowder2
Defend1
Plating2
Armor1
Barrage1
Magic Sentry1
Priest Training1
13 total
» buildings
Farm8
Altar of Kings1
Barracks1
Scout Tower7
Arcane Vault1
Arcane Tower2
Blacksmith1
Lumber Mill1
Guard Tower4
Keep2
Workshop3
Castle1
Arcane Sanctum1
33 total
» build order
00:14 Farm
00:20 Altar of Kings
00:54 Barracks
01:05 Farm
02:43 Scout Tower
03:24 Scout Tower
03:34 Arcane Vault
03:46 Arcane Tower
04:07 Farm
05:10 Farm
05:29 Blacksmith
06:50 Lumber Mill
08:55 Scout Tower
09:12 Guard Tower
09:14 Scout Tower
09:21 Farm
09:35 Arcane Tower
09:37 Scout Tower
09:54 Guard Tower
10:23 Farm
11:32 Keep
11:32 Keep
12:27 Scout Tower
13:06 Guard Tower
13:14 Scout Tower
13:37 Farm
13:49 Guard Tower
14:03 Farm
15:37 Workshop
15:44 Castle
16:24 Workshop
17:01 Workshop
17:24 Arcane Sanctum
» items
Staff of Teleportation1
Dust of Appearance1
Circlet of Nobility1
Scroll of Regeneration1
Lesser Clarity Potion2
Scroll of Protection1
Orb of Fire1
8 total
team 2
Orcpps.0 (purple | 60 APM | 1341 actions | 22:10)
Hero icon 5 Blademaster
Ability icon 2 Wind Walk
Ability icon 3 Critical Strike
Hero icon 3 Tauren Chieftain
Ability icon 1 Shockwave
Ability icon 2 Endurance Aura

» actions
Assign group hotkey34
Basic commands74
Build / train67
ESC pressed2
Enter build submenu39
Enter hero's abilities submenu8
Give item / drop item11
Right click549
Select / deselect252
Select group hotkey210
Use ability95
1341 total
» units
Peon13
Goblin Shredder1
Wind Rider7
Troll Batrider2
Troll Witch Doctor1
Goblin Sapper1
25 total
» upgrades
Ranged Weapons1
Armor1
Envenomed Spears1
Liquid Fire1
Witch Doctor Training1
Ensnare1
6 total
» buildings
Altar of Storms1
Orc Burrow6
Voodoo Lounge1
War Mill1
Watch Tower20
Stronghold1
Beastiary2
Great Hall1
Spirit Lodge1
Fortress1
35 total
» build order
00:04 Altar of Storms
00:17 Orc Burrow
00:32 Voodoo Lounge
01:14 Orc Burrow
01:46 War Mill
03:21 Watch Tower
03:22 Stronghold
03:27 Watch Tower
04:18 Watch Tower
04:19 Watch Tower
05:09 Watch Tower
05:33 Watch Tower
05:37 Watch Tower
06:10 Beastiary
06:44 Beastiary
07:46 Orc Burrow
10:24 Orc Burrow
10:47 Orc Burrow
11:40 Great Hall
11:46 Watch Tower
11:47 Watch Tower
11:49 Watch Tower
11:58 Watch Tower
12:10 Watch Tower
12:11 Watch Tower
12:54 Watch Tower
13:04 Spirit Lodge
13:43 Orc Burrow
15:30 Fortress
21:31 Watch Tower
21:32 Watch Tower
21:33 Watch Tower
21:34 Watch Tower
21:36 Watch Tower
21:37 Watch Tower
» items
Healing Salve3
Lesser Clarity Potion7
Boots of Speed2
Periapt of Vitality2
Potion of Healing4
Staff of Teleportation1
Scroll of Healing2
Potion of Lesser Invulnerability1
Orb of Lightning1
Scroll of Speed1
24 total